 Dungeon Crawl Stone Soup version 0.30-a0-6-g7c9e10e132 (webtiles) character file.

Game seed: 1117922743581887418

184 night the Digger (level 6, -1/48 (50) HPs)
             Began as a Meteoran Earth Elementalist on Aug 22, 2022.
             Slain by a black bear (2 damage)
             ... on level 3 of the Dungeon.
             The game lasted 00:07:44 (1307 turns).

night the Digger (Meteoran Earth Elementalist)      Turns: 1307, Time: 00:07:45

HP:   -1/48 (50)    AC:  2    Str:  9    XL:     6   Next: 17%
MP:   13/13         EV: 12    Int: 19    God:
Gold: 127           SH:  5    Dex: 15    Spells: 7/13 levels left

rFire   . . .      SeeInvis .    (no weapon)
rCold   + . .      Faith    .    (no shield)
rNeg    . . .      Spirit   .    a - +0 robe
rPois   .          Reflect  +    (no helmet)
rElec   .          Harm     .    (no cloak)
rCorr   +          Rampage  .    (no gloves)
Will    .....                    (no boots)
Stlth   +.........               q - amulet of reflection
HPRegen 0.16/turn                f - ring of resist corrosion
MPRegen 0.13/turn                h - ring of protection from cold

@: glowing, lightly drained
A: sense surroundings 1, otherworldly, glowing, explore regen
a: no special abilities


You were on level 3 of the Dungeon.
You visited 1 branch of the dungeon, and saw 4 of its levels.

You collected 127 gold pieces.

Inventory:

Missiles
 e - 14 stones
 m - 4 poisoned darts
 r - 3 boomerangs
Armour
 a - a +0 robe (worn)
Jewellery
 f - a ring of resist corrosion (left hand)
 h - a ring of protection from cold (right hand)
 q - an amulet of reflection (around neck)
Scrolls
 d - 2 scrolls of blinking {unknown}
 k - a scroll of teleportation
 n - 2 scrolls of enchant armour {unknown}
 o - a scroll of identify {unknown}
Potions
 b - a potion of magic
 c - a potion of might {unknown}
 g - a potion of lignification {unknown}
 i - a potion of flight {unknown}
 j - 2 potions of haste {unknown}
 l - a potion of curing {unknown}
 p - a potion of mutation {unknown}


   Skills:
 + Level 2.7 Fighting
 - Level 2.4 Dodging
 - Level 1.4 Stealth
 + Level 4.3 Spellcasting
 + Level 1.9 Transmutations
 + Level 1.3 Air Magic
 + Level 5.0 Earth Magic


You had 7 spell levels left.
You knew the following spells:

 Your Spells              Type           Power      Damage    Failure   Level
a - Sandblast             Erth           46%        2d11      1%          1
b - Passwall              Tmut/Erth      14%        N/A       4%          2
c - Stone Arrow           Conj/Erth      26%        3d8       14%         3

Your spell library contained the following spells:

 Spells                   Type           Power      Damage    Failure   Level
 Blink                    Tloc           8%         N/A       21%         2
 Petrify                  Tmut/Erth      17%        N/A       30%         4
 Manifold Assault         Tloc           4%         N/A       98%         5
 Storm Form               Tmut/Air       5%         N/A       100%        7


Dungeon Overview and Level Annotations

Branches:
Dungeon (4/15) Zot: 1059   Temple (0/1) D:4

Altars:


Innate Abilities, Weirdness & Mutations

You passively map a small area around you.
You are easily found by Zot.
You glow in the dark.
You regain HP and MP as you explore.


Message History

Press: ? - help, Dir - move target A rock wall.
The kobold barely misses you.
You begin to meditate on the wall.
You continue meditating on the rock.
The kobold hits you with a +0 club.
The black bear bites you but does no damage.
The black bear claws you. x2
* * * LOW HITPOINT WARNING * * *
You continue meditating on the rock.
The kobold hits you with a +0 club.
* * * LOW HITPOINT WARNING * * *
The black bear barely misses you. The black bear claws you.
* * * LOW HITPOINT WARNING * * *
The black bear claws you.
* * * LOW HITPOINT WARNING * * *
You finish merging with the rock.
Found a shiny tower shield.
The goblin shouts!
The necrophage hits you.
* * * LOW HITPOINT WARNING * * *
There is a stone staircase leading up here.
The necrophage hits you.
* * * LOW HITPOINT WARNING * * *
You feel drained. The black bear bites you.
* * * LOW HITPOINT WARNING * * *
The black bear barely misses you. The black bear closely misses you.
You climb upwards.
There is a stone staircase leading down here.
The necrophage hits you.
* * * LOW HITPOINT WARNING * * *
The necrophage closely misses you.
The necrophage attacks as you move away!
The necrophage hits you.
* * * LOW HITPOINT WARNING * * *
You feel drained.
The black bear attacks as you move away!
You block the black bear's attack.
The black bear claws you but does no damage.
The black bear claws you.
You die...

####.##
#...........###......#
......#
#<#########..#..####.#
####..# #. ##...####*
###..# #, #.<....# ,
#....# * ######.# ,
#.#..# * * # , #.#..# *
*, , ##.#..#
##.########### * ,..
...#..# .......@h>...#
##.# .#[#...
###.####n###.# #.. ,
.#.#.### * ,* #..##.#
#†# .#.#.# * ♣P..♣.#
##.## .#.#.# ♣.~~♣.#
##...## .....# *
♣~~♣♣♣#####.#.#.#
...###
♣P~♣♣♣........#.# ...#
♣♣♣♣♣♣.~♣♣♣♣♣##.#.#.#
...#
##♣PP.~~~~~PP~.###...##


You could see a black bear and a necrophage.

Vanquished Creatures
  An orc priest (D:3)
  Natasha (twice) (D:2)
  An iguana (D:4)
  3 adders
  A white imp (D:3)
  3 dart slugs
  4 orcs (D:3)
  A ball python (D:4)
  A bat (D:1)
  An endoplasm (D:3)
  A giant cockroach (D:3)
  9 goblins
  6 hobgoblins
  2 quokkas
  2 frilled lizards (D:2)
  A kobold (D:2)
  2 rats
41 creatures vanquished.

Notes
Turn   | Place    | Note
-------+----------+-------------------------------------------
     0 | D:1      | night the Meteoran Earth Elementalist began the quest for
                  | the Orb.
     0 | D:1      | Reached XP level 1. HP: 14/14 MP: 5/5
    21 | D:1      | Noticed a minotaur skeleton
   346 | D:1      | Reached XP level 2. HP: 22/22 MP: 4/6
   485 | D:2      | Reached skill level 1 in Fighting
   487 | D:2      | Reached skill level 4 in Earth Magic
   513 | D:2      | Learned a level 2 spell: Passwall
   606 | D:2      | Noticed Natasha
   609 | D:2      | Killed Natasha
   610 | D:2      | Reached XP level 3. HP: 28/28 MP: 2/8
   643 | D:2      | Noticed Natasha
   647 | D:2      | Reached XP level 4. HP: 36/36 MP: 7/10
   649 | D:2      | Killed Natasha
   650 | D:2      | Reached skill level 2 in Fighting
   654 | D:2      | Learned a level 3 spell: Stone Arrow
   887 | D:3      | Reached XP level 5. HP: 41/41 MP: 7/11
   966 | D:3      | Found a faded altar of an unknown god.
  1042 | D:3      | Reached skill level 1 in Air Magic
  1272 | D:4      | Reached skill level 5 in Earth Magic
  1274 | D:4      | Reached XP level 6. HP: 50/50 MP: 10/13
  1274 | D:4      | Found a staircase to the Ecumenical Temple.
  1286 | D:4      | HP: 2/50 [iguana (12)]
  1286 | D:4      | Noticed a black bear
  1297 | D:4      | HP: 5/50 [black bear (4)]
  1303 | D:4      | HP: 7/49 [black bear (1)]
  1305 | D:3      | HP: 3/49 [necrophage (5)]
  1307 | D:3      | HP: 1/49 [necrophage (2)]
  1307 | D:3      | Slain by a black bear

Illustrated notes

Levels and vault maps discovered:
D:1:      shiori_arrival_whats_in_store_for_you, layout_basic
D:2:      kennysheep_the_goblin_king, layout_basic, uniq_natasha
D:3:      layout_loops_ring, basic_ecumenical_altar, serial_bayou_crossing
D:4:      layout_rooms, mainiacjoe_overflow_boulevard,
          minmay_temple_entry_arrows, nicolae_ossuary_entry_monument,
          kennysheep_orc_chapel

Skill      XL: |  1  2  3  4  5 |
---------------+----------------+-----
Spellcasting   | 3 4 |  4.3
Fighting       | 1 2 |  2.7
Earth Magic    | 4 5 |  5.0
Air Magic      | 1 |  1.3
Dodging        | |  2.4
Stealth        | |  1.4
Transmutations | |  1.9

Action                   |  1- 3 |  4- 6 || total
-------------------------+-------+-------++-------
 Cast: Sandblast         |    15 |    45 ||    60
       Passwall          |     3 |     4 ||     7
  Use: Scroll            |       |     1 ||     1
Armor: Robe              |       |     9 ||     9
Dodge: Dodged            |     4 |    19 ||    23
Block: Other             |       |     3 ||     3
       Reflection        |       |     1 ||     1

Table legend: (Time is in decaauts)
 A = Elapsed time spent in this place.
 B = Non-inter-level travel time spent in this place.
 C = Inter-level travel time spent in this place.
 D = Time resting spent in this place.
 E = Time spent auto-exploring this place.
 F = Levels seen in this place.
 G = Mean time per level.
                   A        B        C        D        E       F      G
               +--------+--------+--------+--------+--------+-----+--------+
         Total |   1341 |   1201 |    140 |     61 |    513 |   4 |  335.2 |
       Dungeon |   1341 |   1201 |    140 |     61 |    513 |   4 |  335.2 |
               +--------+--------+--------+--------+--------+-----+--------+

Top non-repeatable levels by time:
     D:2: 472 daAuts
     D:3: 425 daAuts
     D:1: 403 daAuts
     D:4: 39 daAuts
